 Dungeon Crawl Stone Soup version 0.30.0 (webtiles) character file.

Game seed: 14496953423039063028

67 PiratePeteNZ the Trooper (level 4, -2/39 (41) HPs)
             Began as a Hill Orc Fighter on May 20, 2023.
             Slain by Crazy Yiuf
             ... wielding a +3 quarterstaff of chaos
              (11 damage)
             ... on level 2 of the Dungeon.
             The game lasted 00:03:57 (1458 turns).

PiratePeteNZ the Trooper (Hill Orc Fighter)         Turns: 1458, Time: 00:03:58

HP:   -2/39 (41)    AC: 11    Str: 20    XL:     4   Next: 16%
MP:   2/4           EV:  5    Int:  8    God:
Gold: 86            SH:  4    Dex: 10    Spells: 3/3 levels left

rFire   . . .        a - +0 war axe
rCold   . . .        c - +0 buckler
rNeg    . . .        l - +0 plate armour
rPois   .            (no helmet)
rElec   .            (no cloak)
rCorr   .            (no gloves)
SInv    .            (no boots)
Will    .....        (no amulet) Stlth
                     (no ring)
HPRegen 0.26/turn    (no ring)
MPRegen 0.09/turn

%: no passive effects
@: lethally poisoned (-2 -> -3), lightly drained
A: no striking features
a: no special abilities


You were on level 2 of the Dungeon.
You visited 1 branch of the dungeon, and saw 3 of its levels.

You collected 86 gold pieces.

Inventory:

Hand Weapons
 a - a +0 war axe (weapon)
Missiles
 i - 7 poisoned darts (quivered)
Armour
 c - a +0 buckler (worn)
 l - a +0 plate armour (worn)
Scrolls
 b - a scroll of magic mapping {unknown}
 e - 6 scrolls of identify {unknown}
 j - a scroll of immolation {unknown}
 k - 3 scrolls of teleportation {unknown}
 m - a scroll of fear {unknown}
Potions
 d - 2 potions of might
 f - a potion of degeneration {unknown}
 g - a potion of invisibility {unknown}
 h - 2 potions of heal wounds {unknown}


   Skills:
 + Level 4.3 Fighting
 + Level 4.2 Axes
 + Level 3.6 Armour
 + Level 3.6 Shields


You had 3 spell levels left.
You didn't know any spells.
Your spell library was empty.

Dungeon Overview and Level Annotations

Branches:
Dungeon (3/15)

Altars:

Shops:
D:1 [

Annotations:
D:2 Crazy Yiuf


Message History

There is a stone staircase leading up here.
Found 7 stones.
There is a shaft here.
There is a shaft here.
m - a scroll labelled XEGILADI DYJE You open the door.
There is an open door here.
There is an open door here.
There is a stone staircase leading down here.
Found a hammer.
Found a runed translucent door.
You open the door. You throw a poisoned dart.
The poisoned dart hits Crazy Yiuf.
Crazy Yiuf is poisoned.
Crazy Yiuf hits you with a +3 quarterstaff of chaos.
You are poisoned.
You throw a poisoned dart. The poisoned dart hits Crazy Yiuf.
Crazy Yiuf looks even sicker.
You feel very sick.
Crazy Yiuf hits you with a +3 quarterstaff of chaos.
You are confused.
You barely miss Crazy Yiuf.
You feel very sick.
Crazy Yiuf flaps his cloak.
Crazy Yiuf hits you with a +3 quarterstaff of chaos.
You feel your power leaking away.
You bump into the tree.
You feel sick.
Crazy Yiuf grits, "Race!"
Crazy Yiuf hits you with a +3 quarterstaff of chaos.
You feel drained.
You slash Crazy Yiuf!
Crazy Yiuf is heavily wounded.
You feel sick. Crazy Yiuf barely misses you.
You feel sick.
Crazy Yiuf grits, "Orb light sing-song!"
You closely miss Crazy Yiuf.
Crazy Yiuf is heavily wounded.
You feel less confused.
You feel sick. You block Crazy Yiuf's attack.
Crazy Yiuf hits you with a +3 quarterstaff of chaos!
You die...

#.##...#####.......#
####....# #.......#
#....# #.......#
♣....♣ #.......#
♣♣...♣ ##.......#
♣♣.♣♣ #'.......#
♣♣.♣ ##.......# ♣.♣♣
#........# ♣♣@♣
#....##### ♣g♣♣
#....# #(# #....#
... #.#### #...# #.#
#)..# #.# ##### #.#
#.# #########.#


You could see Crazy Yiuf (poisoned).

Vanquished Creatures
  2 adders (D:2)
  A worm (D:2)
  2 dart slugs (D:2)
  5 ball pythons
  6 endoplasms
  2 giant cockroaches
  4 goblins
  6 hobgoblins
  2 kobolds (D:2)
  A quokka (D:2)
  A bat (D:1)
  3 frilled lizards
  2 rats (D:1)
37 creatures vanquished.

Notes
Turn   | Place    | Note
-------+----------+-------------------------------------------
     0 | D:1      | PiratePeteNZ the Hill Orc Fighter began the quest for the
                  | Orb.
     0 | D:1      | Reached XP level 1. HP: 19/19 MP: 1/1
   135 | D:1      | Reached XP level 2. HP: 24/27 MP: 2/2
   221 | D:1      | Found Wulyqol's Armour Boutique.
   670 | D:1      | Reached XP level 3. HP: 33/33 MP: 3/3
   855 | D:2      | Reached XP level 4. HP: 36/40 MP: 4/4
   906 | D:2      | You fall into a shaft and drop 1 floor!
  1447 | D:2      | Found a runed translucent door.
  1448 | D:2      | Noticed Crazy Yiuf
  1458 | D:2      | Slain by Crazy Yiuf

Illustrated notes

Levels and vault maps discovered:
D:1:      minmay_arrival_solitary_statue, layout_loops_ring, serial_shops,
          nicolae_shop_hallway_plus
D:2:      layout_basic, minmay_tromino_i4, uniq_crazy_yiuf_cottage
D:3:      layout_basic

Skill      XL: |  1  2  3 |
---------------+----------+-----
Axes           | 3 4 |  4.2
Fighting       | 4 |  4.3
Armour         | |  3.6
Shields        | |  3.6

Action                     |  1- 3 |  4- 6 || total
---------------------------+-------+-------++-------
  Melee: War axe           |    77 |    18 ||    95
  Throw: Dart              |       |     2 ||     2
 Armour: Scale mail        |    32 |     2 ||    34
         Plate armour      |       |     4 ||     4
  Dodge: Dodged            |    22 |     5 ||    27
  Block: Buckler           |    13 |     4 ||    17
